 Dungeon Crawl Stone Soup version 0.17-a0-1311-gbcbd859 (webtiles) character file.

196700 Geeful the Unseen (level 17, -5/137 HPs)
             Began as a Demonspawn Abyssal Knight on June 2, 2015.
             Was the Champion of Lugonu.
             Slain by a vault warden
             ... wielding a +1 bardiche of flaming
              (13 damage)
             ... on level 1 of the Vaults on June 8, 2015.
             The game lasted 04:11:47 (42850 turns).

Geeful the Unseen (Demonspawn Abyssal Knight)      Turns: 42850, Time: 04:11:49

Health: -5/137     AC: 19    Str: 13    XL:     17   Next: 75%
Magic:  0/45       EV: 24    Int: 14    God:    Lugonu [******]
Gold:   2436       SH:  9    Dex: 23    Spells: 2 memorised, 26 levels left

rFire  . . .     SeeInvis .     a - +10 quick blade "Vyomewef" {flame, rC+ Dex+2}
rCold  + . .     Clarity  +     s - +3 leather armour {rPois}
rNeg   + . .     SustAt   .     m - +3 buckler
rPois  +         Gourm    .     (helmet restricted)
rElec  +         Spirit   +     J - +1 cloak "Taleyqiure" {+Fly rElec Stlth+}
rCorr  +         Warding  .     v - +2 pair of gloves
rMut   .         Stasis   .     r - +2 pair of boots
MR     +....                    Y - amulet of regeneration
Stlth  ++++++++++               C - ring "Cimy" {rN+ MP+9 Stlth+}
                                L - ring of magical power

@: about to teleport, marked, repel missiles, drained, somewhat resistant to
hostile enchantments, uncannily stealthy
A: antennae 2, yellow scales 3, agile 1, clarity, nightstalker 3, magic shield,
magic regeneration, magic link
a: Depart the Abyss, Bend Space, Banish, Corrupt, Enter the Abyss, Renounce
Religion, Evoke Flight
}: 1/15 runes: gossamer


You were on level 1 of the Vaults.
You worshipped Lugonu.
Lugonu was exalted by your worship.
You were hungry.

You visited 6 branches of the dungeon, and saw 34 of its levels.
You visited the Abyss 1 time.
You also visited: Ice Cave.

You collected 3384 gold pieces.
You spent 948 gold pieces at shops.

Inventory:

Hand weapons
 a - the +10 quick blade "Vyomewef" (weapon) {flame, rC+ Dex+2}
   (You acquired it on level 8 of the Lair of Beasts)

   It has been specially enchanted to burn those struck by it, causing extra
   injury to most foes and up to half again as much damage against particularly
   susceptible opponents.
   It affects your dexterity (+2).
   It protects you from cold.
 b - the +8 rapier of Extinguishment {vamp, rElec MR++ Str-3 SInv}
   (You found it on level 14 of the Dungeon)

   It inflicts no extra harm, but heals its wielder somewhat when it strikes a
   living foe.
   It affects your strength (-3).
   It insulates you from electricity.
   It affects your resistance to hostile enchantments.
   It lets you see invisible.
Armour
 m - a +3 buckler (worn)
 r - a +2 pair of boots (worn)
 s - a +3 leather armour of poison resistance (worn)
 v - a +2 pair of gloves (worn)
 J - the +1 cloak "Taleyqiure" (worn) {+Fly rElec Stlth+}
   (You found it on level 9 of the Dungeon)

   It insulates you from electricity.
   It lets you fly.
   It makes you more stealthy.
Jewellery
 h - an uncursed ring of ice
 u - an uncursed amulet of warding
 C - the ring "Cimy" (right hand) {rN+ MP+9 Stlth+}
   (You found it on level 11 of the Dungeon)

   [ring of magical power]

   It protects you from negative energy.
   It affects your magic capacity (+9).
   It makes you more stealthy.
 I - an uncursed ring of stealth
 L - a ring of magical power (left hand)
 N - an uncursed ring of sustain attributes
 O - an uncursed amulet of clarity
 P - an uncursed amulet of the gourmand {unknown}
 U - an uncursed amulet of rage
 X - an uncursed amulet of stasis
 Y - an amulet of regeneration (around neck)
Magical devices
 x - a wand of teleportation (3)
 y - a wand of paralysis (17)
 z - a wand of digging (7)
 A - a wand of invisibility (6)
 D - a wand of teleportation (7)
 E - a wand of fire (9)
 S - a wand of fire (3)
 W - a wand of draining (4)
 Z - a wand of invisibility (3)
Scrolls
 d - 11 scrolls of remove curse
 e - 9 scrolls of teleportation
 f - a scroll of amnesia
 l - 4 scrolls of enchant armour
 o - 5 scrolls of magic mapping
 q - 13 scrolls of identify
 B - 4 scrolls of recharging
 G - 4 scrolls of fear
 H - a scroll of summoning
 K - 2 scrolls of brand weapon
Potions
 g - 2 potions of cure mutation
 j - a potion of flight
 p - 2 potions of haste
 t - 10 potions of curing
 w - 3 potions of brilliance
 M - 3 potions of agility
 Q - 5 potions of heal wounds
 V - 2 potions of might
Miscellaneous
 k - a sack of spiders
Comestibles
 c - 8 bread rations
 i - 4 chunks of flesh
 n - 19 fruits
 F - 11 royal jellies


   Skills:
 + Level 13.5(13.2) Fighting
 + Level 12.6(12.4) Short Blades
 - Level 6.0(5.8) Armour
 + Level 12.3(12.1) Dodging
 * Level 17.9(17.7) Stealth
 - Level 5.0(4.8) Shields
 - Level 7.1(6.9) Spellcasting
 - Level 4.0(3.8) Charms
 - Level 9.5(9.3) Invocations


You had 26 spell levels left.
You knew the following spells:

 Your Spells              Type           Power        Failure   Level  Hunger
a - Repel Missiles        Chrm/Air       ##....       14%         2    #......
b - Swiftness             Chrm/Air       ##......     14%         2    #......


Dungeon Overview and Level Annotations

Branches:
Dungeon (14/15)            Temple (0/1) D:5            Lair (8/8) D:10
 Shoals (3/4) Lair:4       Spider (4/4) Lair:6        Slime (0/6) Lair:6
    Orc (4/4) D:12            Elf (0/3) Orc:4        Vaults (1/5) D:14

Altars:
Dithmenos
Fedhas
Makhleb
Okawaru
Qazlal
Ru
Trog
Xom
The Shining One
Beogh

Shops:
D:10 !   D:13 *   Orc:1 (   Orc:3 }   Orc:4 (*:*

Annotations:
D:4 Prince Ribbit
Lair:8 corrupted
Shoals:2 Kirke
Orc:3 corrupted
Orc:4 corrupted


Innate Abilities, Weirdness & Mutations

You have a pair of antennae on your head.
You are completely covered in yellow scales (AC +4, rCorr).
You are completely attuned to the shadows.
When hurt, damage is shared between your health and your magic reserves.
You regenerate magic rapidly.
When low on magic, you restore magic in place of health.
You are agile. (Dex +2)
You possess an exceptional clarity of mind.


Message History

You are feeling hungry.
You block the yaktaur's attack.
The mottled dragon breathes sticky fire at you.
You block the sticky flame.
The green ugly thing trunk-slaps you but does no damage.
A green ugly thing comes into view.
Drink which item? (? for menu, Esc to quit)
You feel much better.
The ironheart preserver completely misses you.
The yaktaur completely misses you. The vault warden misses you.
The mottled dragon closely misses you. You block the mottled dragon's attack.
The green ugly thing trunk-slaps you but does no damage.
The yaktaur wields an uncursed arbalest.
The yaktaur shoots a bolt.
The bolt is repelled.
The yaktaur wields an arbalest.
The yaktaur shoots a bolt.
The bolt misses you.
You block the ironheart preserver's attack.
The vault warden hits you from afar with a bardiche of flaming!!!
* * * LOW HITPOINT WARNING * * *
The vault warden burns you!
You die...

............................##...
............................##...
....................(....^..#####
................{...........# ###
######'###########O####.....###..
#........##.....O..# #.....##...
#........##...(p.Dp# #.....##..#
#........##..(.upuO# #..>..#...#
#........##....@.pD# #.....'..##
#........##.....(c.# #.....#..#
#........##....uc.(# #.....#..##
##'#########......(.# #.....'..##
...# #.....cH.# #.....'.... ...#
#........# #...=.##... ...#
#........# #.....##... ...#
#........# #.....###.. ...#
######'#####.....# ###


You could see 2 ironheart preservers, a green very ugly thing, a vault warden, a
griffon, 2 ugly things, a vault sentinel, 3 yaktaurs, 2 mottled dragons and 3
ogres.

Vanquished Creatures
  Arachne (Spider:4)
  Rupert (Lair:5)
  4 vault wardens (Vaults:1)
  4 ghost moths
  Louise (Spider:1)
  An orc warlord (Orc:3)
  2 emperor scorpions (Spider:4)
  3 ironheart preservers (Vaults:1)
  Nessos (Lair:8)
  Snorg (Lair:7)
  A vault guard (Vaults:1)
  A merfolk impaler (Shoals:2)
  Josephine (Lair:6)
  2 entropy weavers
  6 hydras
  Erolcha (D:13)
  A catoblepas (D:14)
  4 merfolk avatars
  A merfolk aquamancer (Shoals:2)
  2 dancing weapons (D:14)
  A queen ant (Spider:1)
  A centaur warrior (D:14)
  9 death yaks
  2 satyrs (Shoals:3)
  A deep elf knight (Orc:4)
  3 ogre magi
  Nergalle (D:12)
  3 wizards (D:10)
  A fire crab (Vaults:1)
  3 deep trolls (Vaults:1)
  7 sea snakes
  A lindwurm (Lair:6)
  3 ice statues (IceCv)
  A mana viper (D:13)
  Pikel (D:5)
  2 ironbrand convokers (Vaults:1)
  5 hill giants
  28 wolf spiders
  4 orc knights (Vaults:1)
  9 griffons
  A salamander (D:13)
  8 hornets
  16 orb spiders
  7 harpies (Vaults:1)
  2 ugly things (D:13)
  10 cyclopes
  8 fauns
  4 vault sentinels (Vaults:1)
  A water nymph (Shoals:1)
  4 manticores
  8 sirens
  3 elephants (Lair:3)
  8 black mambas
  3 moths of wrath
  7 spiny frogs
  A gargoyle (D:14)
  5 yaktaurs (Vaults:1)
  5 komodo dragons
  4 fire drakes
  3 kobold demonologists (Vaults:1)
  A freezing wraith (Vaults:1)
  A spriggan druid (Lair:8)
  28 jumping spiders
  21 two-headed ogres
  16 merfolk
  3 polar bears
  A slime creature (D:13)
  13 demonic crawlers
  22 blink frogs
  4 trolls
  A wind drake (Shoals:2)
  2 boulder beetles
  A snapping turtle (Shoals:3)
  A wyvern (D:9)
  9 trapdoor spiders
  2 shadows
  11 spriggans (Lair:8)
  Sigmund (D:2)
  A deep elf mage (D:10)
  58 redbacks
  8 wraiths
  15 tarantellas
  6 water elementals
  2 humans (D:7)
  18 yaks
  Eustachio (D:4)
  4 vampire mosquitoes (D:14)
  2 wargs
  8 hippogriffs
  2 hungry ghosts
  3 basilisks
  6 soldier ants
  25 wolves
  A mottled dragon (Vaults:1)
  A steam dragon (D:8)
  23 water moccasins
  A naga (D:13)
  6 porcupines
  2 slaves (D:5)
  9 ice beasts
  21 orc warriors
  37 spiders
  4 black bears
  2 eyes of draining
  5 sky beasts
  15 ogres
  10 boggarts
  3 phantoms
  2 necrophages (D:8)
  11 centaurs
  8 wasps
  7 big kobolds
  11 crocodiles
  11 giant frogs
  A wyvern zombie (D:12)
  9 scorpions
  A gnoll sergeant (D:8)
  18 killer bees
  2 orc simulacra (Vaults:1)
  8 wights
  6 crimson imps
  6 hounds
  4 jellies
  2 giant frog zombies
  4 giant frog skeletons
  24 orc wizards
  Ijyb (D:3)
  23 orc priests
  27 worker ants
  3 centaur skeletons
  Terence (D:3)
  12 iguanas
  Natasha (D:4)
  21 sheep
  A hound skeleton (D:8)
  2 worker ant zombies
  13 adders
  3 gnolls (D:8)
  47 river rats
  12 white imps (Lair:4)
  A shadow imp (D:10)
  An ufetubus (Vaults:1)
  3 oozes
  3 adder skeletons
  2 worms
  5 giant geckos
  167 orcs
  2 ball pythons
  15 bats
  A bat skeleton (D:5)
  20 goblins
  16 hobgoblins
  5 quokkas
  6 giant cockroaches
  6 giant newts
  42 kobolds
  A quokka skeleton (D:5)
  A quokka zombie (D:6)
  14 rats
1283 creatures vanquished.

Vanquished Creatures (others)
  An orc warlord (Orc:3)
  4 emperor scorpions
  A slime creature (D:13)
  A hydra (Lair:8)
  4 death yaks (Lair:8)
  3 ogre magi (Orc:4)
  The ghost of chequers the Cleaver, an experienced DsGl of Dithmenos (Lair:1)
  The ghost of LightningNZ the Fighter, an experienced GrFi of the Shining One (D:9)
  A wolf spider (Spider:3)
  An orb spider (Spider:3)
  The ghost of edsrzf the Shield-Bearer, an experienced DDFi of Elyvilon (D:5)
  A spiny frog (Lair:8)
  A spriggan druid (Lair:8)
  7 two-headed ogres (Orc:4)
  A boulder beetle (Lair:8)
  A redback (Lair:8)
  A deep elf mage (D:10)
  A hippogriff (Lair:8)
  A warg (D:10)
  10 wolves (Lair:8)
  A water moccasin (Lair:8)
  15 ogres (Orc:4)
  A crocodile (Lair:8)
  9 orc warriors
  5 orc priests
  7 orc wizards
  27 orcs
  A bat (D:5)
  2 goblins
  17 fungi
  4 plants
  21 starspawn tentacles
  117 starspawn tentacle segments
270 creatures vanquished.

Grand Total: 1553 creatures vanquished

Notes
Turn   | Place    | Note
--------------------------------------------------------------
     0 | Abyss:1  | Geeful the Demonspawn Abyssal Knight began the quest for the Orb.
     0 | Abyss:1  | Reached XP level 1. HP: 18/18 MP: 2/2
    61 | Abyss:1  | Noticed a thrashing horror
    73 | Abyss:1  | Noticed a starcursed mass
    79 | Abyss:1  | Noticed a flying skull
    80 | D:1      | Escaped the Abyss
   248 | D:1      | Reached skill level 1 in Dodging
   255 | D:1      | Acquired Lugonu's first power
   664 | D:1      | Gained mutation: You are slightly more attuned to the shadows. [demonic ancestry]
   664 | D:1      | Reached XP level 2. HP: 24/24 MP: 3/3
   924 | D:1      | Upgraded the game from 0.17-a0-1194-gc654e57 to 0.17-a0-1208-g5ea1814
  1395 | D:2      | Noticed Sigmund
  1418 | D:2      | Killed Sigmund
  1418 | D:2      | Reached XP level 3. HP: 28/30 MP: 4/4
  1418 | D:2      | Reached XP level 4. HP: 34/37 MP: 5/5
  1418 | D:2      | Gained mutation: You are partially covered in yellow scales (AC +2). [demonic ancestry]
  1418 | D:2      | Reached XP level 5. HP: 38/42 MP: 6/6
  1666 | D:2      | Acquired Lugonu's second power
  1775 | D:2      | Found a glowing golden altar of the Shining One.
  1790 | D:2      | Reached skill level 4 in Fighting
  2038 | D:3      | Noticed Terence
  2043 | D:3      | Killed Terence
  2043 | D:3      | Gained mutation: You are mostly covered in yellow scales (AC +3). [demonic ancestry]
  2043 | D:3      | Reached XP level 6. HP: 48/48 MP: 7/7
  2489 | D:3      | Noticed Ijyb
  2496 | D:3      | Killed Ijyb
  2496 | D:3      | Reached skill level 1 in Shields
  2620 | D:3      | Acquired Lugonu's third power
  3074 | D:4      | Found a glowing golden altar of the Shining One.
  3221 | D:4      | Found a sacrificial altar of Ru.
  3401 | D:4      | Noticed Eustachio
  3409 | D:4      | Killed Eustachio
  3409 | D:4      | Reached XP level 7. HP: 54/54 MP: 8/8
  4067 | D:4      | Reached skill level 5 in Shields
  4244 | D:4      | Noticed Natasha
  4250 | D:4      | Killed Natasha
  4279 | D:4      | Found a stormy altar of Qazlal.
  4333 | D:5      | Entered Level 5 of the Dungeon
  4744 | D:5      | Noticed edsrzf's ghost (experienced DDFi)
  4785 | D:5      | Noticed Prince Ribbit
  5022 | D:5      | Acquired Lugonu's fourth power
  5309 | D:5      | Reached XP level 8. HP: 61/61 MP: 10/10
  5359 | D:5      | Noticed Pikel
  5396 | D:5      | Killed Pikel
  5495 | D:5      | Found a staircase to the Ecumenical Temple.
  5570 | D:5      | Banished edsrzf's ghost
  5570 | D:5      | Reached skill level 5 in Fighting
  5641 | D:5      | Reached skill level 5 in Invocations
  5642 | D:5      | Reached skill level 5 in Stealth
  6093 | D:6      | Found a bloodstained altar of Trog.
  6099 | D:6      | Gained mutation: You are completely covered in yellow scales (AC +4, rCorr). [demonic ancestry]
  6099 | D:6      | Reached XP level 9. HP: 50/68 MP: 12/12
  6262 | D:6      | Gained mutation: You expend magic power (3 MP) to strengthen your wands. [potion of mutation]
  6262 | D:6      | Gained mutation: You are weak. (Str -2) [potion of mutation]
  6262 | D:6      | Lost mutation: You are weak. (Str -2) [potion of mutation]
  6821 | D:7      | Upgraded the game from 0.17-a0-1208-g5ea1814 to 0.17-a0-1301-ga863c44
  6829 | D:7      | You fall through a shaft!
  7000 | D:8      | Found a burning altar of Makhleb.
  7003 | D:8      | Reached skill level 6 in Stealth
  7069 | D:8      | Reached skill level 5 in Short Blades
  7081 | D:8      | Reached skill level 5 in Dodging
  7313 | D:8      | Reached skill level 7 in Stealth
  7683 | D:8      | Reached XP level 10. HP: 76/76 MP: 15/15
  8129 | D:9      | Noticed LightningNZ's ghost (experienced GrFi)
  8213 | D:9      | Banished LightningNZ's ghost
  8514 | D:9      | Got a warped cloak
  8521 | D:9      | Identified the +1 cloak "Taleyqiure" {+Fly rElec Stlth+} (You found it on level 9 of the Dungeon)
  8770 | D:9      | Reached skill level 8 in Stealth
  9521 | D:7      | Found an iron altar of Okawaru.
  9581 | D:7      | Acquired Lugonu's fifth power
 10161 | D:9      | Noticed a hill giant
 10167 | D:9      | Killed a hill giant
 10223 | D:9      | Found a shimmering altar of Xom.
 10223 | D:9      | Found a blossoming altar of Fedhas.
 10473 | D:10     | Entered Level 10 of the Dungeon
 10502 | D:10     | Found a staircase to the Lair.
 10531 | D:10     | HP: 3/79 [orc priest/divine providence (12)]
 10534 | D:10     | Noticed a wizard
 10999 | D:10     | Gained mutation: You are significantly more attuned to the shadows. [demonic ancestry]
 10999 | D:10     | Reached XP level 11. HP: 84/84 MP: 17/17
 11039 | D:10     | Reached skill level 9 in Stealth
 11170 | D:10     | Noticed a wizard
 11190 | D:10     | Killed a wizard
 11377 | D:10     | Killed a wizard
 11433 | D:10     | Noticed a wizard
 11947 | D:10     | Killed a wizard
 11970 | D:10     | Got a smoking leather armour
 11971 | D:10     | Identified the +5 leather armour of the Elven Halls {rElec rCorr Int-3 Slay+2} (You found it on level 10 of the Dungeon)
 12069 | D:10     | Found a blossoming altar of Fedhas.
 12339 | D:10     | Found Ydusch's Distillery.
 12404 | D:10     | Bought a potion of curing for 36 gold pieces
 12404 | D:10     | Bought a potion of curing for 36 gold pieces
 12404 | D:10     | Bought a potion of heal wounds for 60 gold pieces
 12404 | D:10     | Bought a potion of heal wounds for 60 gold pieces
 13085 | D:11     | Identified the Almanac of Floating Combat Magic
 13089 | D:11     | Learned a level 2 spell: Repel Missiles
 13123 | D:11     | Reached skill level 10 in Stealth
 13209 | D:11     | Reached skill level 1 in Spellcasting
 13218 | D:11     | Got a transparent lead ring
 13219 | D:11     | Identified the ring "Cimy" {rN+ MP+9 Stlth+} (You found it on level 11 of the Dungeon)
 13469 | D:11     | Got a bound ruby amulet
 13472 | D:11     | Identified the amulet "Hero's Friend" {Faith *Confuse rPois rC+++ MP+9} (You found it on level 11 of the Dungeon)
 13688 | D:11     | Reached skill level 1 in Charms
 14025 | D:12     | Found a staircase to the Orcish Mines.
 14029 | D:12     | Found a roughly hewn altar of Beogh.
 14473 | D:12     | Noticed an eight-headed hydra
 14793 | D:12     | Noticed a hill giant
 14798 | D:12     | Killed a hill giant
 14864 | D:12     | Noticed Nergalle
 14870 | D:12     | Killed Nergalle
 14870 | D:12     | Gained mutation: You have a pair of small antennae on your head. [demonic ancestry]
 14870 | D:12     | Reached XP level 12. HP: 92/94 MP: 19/19
 15330 | Lair:1   | Entered Level 1 of the Lair of Beasts
 15405 | Lair:1   | Noticed chequers's ghost (experienced DsGl)
 15449 | Lair:1   | Banished chequers's ghost
 15708 | Lair:1   | Lost mutation: You expend magic power (3 MP) to strengthen your wands. [potion of cure mutation]
 16333 | Lair:1   | Learned a level 2 spell: Swiftness
 16695 | Lair:2   | Reached skill level 11 in Stealth
 18513 | Lair:4   | Found a frozen archway.
 18705 | IceCv    | Entered an ice cave
 18888 | IceCv    | Identified Luanwasioh's Catalogue of Unholy Bewitchment
 18978 | Lair:4   | Found a staircase to the Shoals.
 19595 | Lair:4   | Gained mutation: When hurt, damage is shared between your health and your magic reserves. [demonic ancestry]
 19595 | Lair:4   | Reached XP level 13. HP: 101/101 MP: 20/20
 20233 | Lair:5   | Noticed Rupert
 20244 | Lair:5   | Killed Rupert
 20244 | Lair:5   | Reached skill level 12 in Stealth
 20358 | Lair:5   | Reached skill level 5 in Spellcasting
 21087 | Lair:6   | Noticed Josephine
 21111 | Lair:6   | Killed Josephine
 21506 | Lair:6   | Found a staircase to the Slime Pits.
 21511 | Lair:6   | Found a hole to the Spider Nest.
 22452 | Lair:7   | Reached skill level 10 in Fighting
 22718 | Lair:7   | Noticed Snorg
 23012 | Lair:7   | Killed Snorg
 23053 | Lair:7   | Reached skill level 13 in Stealth
 23508 | Lair:6   | Gained mutation: You regenerate magic rapidly. [demonic ancestry]
 23508 | Lair:6   | Reached XP level 14. HP: 72/110 MP: 20/23
 24422 | Lair:8   | Entered Level 8 of the Lair of Beasts
 24625 | Lair:8   | Identified a scroll of acquirement
 24630 | Lair:8   | Got a pitted quick blade
 24631 | Lair:8   | Identified the +10 quick blade "Vyomewef" {flame, rC+ Dex+2} (You acquired it on level 8 of the Lair of Beasts)
 24634 | Lair:8   | Noticed Nessos
 24639 | Lair:8   | Killed Nessos
 24640 | Lair:8   | Corrupted Lair:8
 24640 | Lair:8   | Noticed a bone dragon
 24640 | Lair:8   | Noticed a tentacled starspawn
 24643 | Lair:8   | Noticed a tentacled starspawn
 24681 | Lair:8   | Killed a tentacled starspawn
 25135 | Lair:8   | Gained mutation: You possess an exceptional clarity of mind. [potion of beneficial mutation]
 26250 | Orc:1    | Entered Level 1 of the Orcish Mines
 26271 | Orc:1    | Upgraded the game from 0.17-a0-1301-ga863c44 to 0.17-a0-1311-gbcbd859
 26357 | Orc:1    | Found Ynlas's Antique Weapon Shop.
 26483 | Orc:1    | Found a bloodstained altar of Trog.
 27553 | Orc:3    | Noticed an orc warlord
 27572 | Orc:3    | Corrupted Orc:3
 27572 | Orc:3    | Noticed a tentacled starspawn
 27582 | Orc:3    | Noticed a tentacled starspawn
 27594 | Orc:3    | Noticed an orc warlord
 27595 | Orc:3    | Noticed a lich
 27597 | Orc:3    | Killed a tentacled starspawn
 27603 | Orc:3    | Killed an orc warlord
 27618 | Orc:3    | Killed an orc warlord
 27658 | Orc:3    | Noticed an Ice Fiend
 27912 | Orc:3    | Found Fuoquez's Gadget Boutique.
 28375 | Orc:3    | Found a roughly hewn altar of Beogh.
 28585 | Orc:4    | Entered Level 4 of the Orcish Mines
 28664 | Orc:4    | Found Pobirphug's Weapon Boutique.
 28664 | Orc:4    | Found Neathrafy's General Store.
 28665 | Orc:4    | Corrupted Orc:4
 28673 | Orc:4    | Reached skill level 14 in Stealth
 28674 | Orc:4    | Found Xeaguiploi's Book Emporium.
 28688 | Orc:4    | Reached skill level 10 in Short Blades
 28699 | Orc:4    | Found Paput's Assorted Antiques.
 28809 | Orc:4    | Noticed a bone dragon
 28811 | Orc:4    | Bought a bronze wand for 108 gold pieces
 28811 | Orc:4    | Bought a metal-bound book for 405 gold pieces
 28811 | Orc:4    | Bought an ivory ring for 135 gold pieces
 28811 | Orc:4    | Bought a short wooden wand for 108 gold pieces
 28955 | Orc:4    | Found a staircase to the Elven Halls.
 29789 | D:13     | Noticed Erolcha
 29794 | D:13     | Killed Erolcha
 30182 | D:13     | Reached skill level 10 in Dodging
 30438 | D:13     | Found Timpukh's Serpentskin Sales.
 31015 | D:14     | Gained mutation: When low on magic, you restore magic in place of health. [demonic ancestry]
 31015 | D:14     | Reached XP level 15. HP: 118/118 MP: 25/25
 31094 | D:14     | Found a shadowy altar of Dithmenos.
 31126 | D:14     | Got a scorched rapier
 31130 | D:14     | Identified the +8 rapier of Extinguishment {vamp, rElec MR++ Str-3 SInv} (You found it on level 14 of the Dungeon)
 31299 | D:14     | Found a gate to the Vaults.
 32362 | Spider:1 | Entered Level 1 of the Spider Nest
 32580 | Spider:1 | Noticed Louise
 32585 | Spider:1 | Killed Louise
 33712 | Spider:2 | Reached skill level 15 in Stealth
 34300 | Spider:3 | Reached skill level 5 in Armour
 35259 | Spider:4 | Entered Level 4 of the Spider Nest
 35259 | Spider:4 | Noticed Arachne
 35263 | Spider:4 | Killed Arachne
 35263 | Spider:4 | Gained mutation: You are completely attuned to the shadows. [demonic ancestry]
 35263 | Spider:4 | Reached XP level 16. HP: 127/127 MP: 26/26
 35274 | Spider:4 | Gained mutation: You are agile. (Dex +2) [potion of beneficial mutation]
 35855 | Spider:4 | Reached skill level 16 in Stealth
 36963 | Spider:4 | Got a gossamer rune of Zot
 37430 | Shoals:1 | Entered Level 1 of the Shoals
 38484 | Shoals:2 | Reached skill level 17 in Stealth
 38675 | Shoals:2 | Gained mutation: You have a pair of antennae on your head. [demonic ancestry]
 38675 | Shoals:2 | Reached XP level 17. HP: 119/135 MP: 27/27
 39355 | Shoals:2 | Noticed Kirke
 40898 | Vaults:1 | Entered Level 1 of the Vaults
 42850 | Vaults:1 | Slain by a vault warden

Vault maps used:
D:1:      tarquinn_simple_flora_water_e
D:2:      nicolae_overflow_crystal_walls, kennysheep_generic_room_7,
          uniq_sigmund
D:3:      st_stairs_5, uniq_iyjb, uniq_terence
D:4:      lemuel_coloured_pillars_altar, nicolae_ru_sacrificial_ziggurat,
          gup_sewer_entry_bowl, first_bread, tso_altar, uniq_natasha,
          uniq_eustachio
D:5:      minmay_temple_entry_glassed_door, uniq_prince_ribbit1, uniq_pikel
D:6:      trog_butcher_becter
D:7:      okawaru_humans
D:8:      hangedman_pestilent_swarm, makhleb_blood_cavern_becter
D:9:      gammafunk_temple_overflow_elements
D:10:     minmay_smoke_and_mirrors, erik_lair_orcish_takeover, serial_shops,
          nicolae_shop_temple_entry_statues_fountains, serial_park_tiny_1,
          fedhas_altar_3
D:11:     lightli_minifort
D:12:     minmay_orc_entry_temple_small, uniq_nergalle
D:13:     guppyfry_shop_venom, uniq_erolcha
D:14:     erik_vaults_1, nicolae_dithmenos_shadow_blocks
Lair:2:   serial_bayou_shore_a, bh_autumn_forest_stairs
Lair:3:   nicolae_quartered_pool_medium
Lair:4:   elwin_shoals_entry_stream, portal_ice_cave_entry_imps
Lair:5:   uniq_rupert
Lair:6:   dummy_spider_entry, slime_dummy, uniq_josephine
Lair:7:   uniq_snorg
Lair:8:   minmay_lair_end_enchanted_forest, grunt_megastairs_4, uniq_nessos
Shoals:2: nicolae_shoals_wave_tunnel, uniq_jorgrun, uniq_kirke
Spider:1: minmay_another_anthill, uniq_louise
Spider:4: guppyfry_spider_rune, uniq_arachne
Orc:1:    serial_shops, shop, trog_book
Orc:2:    nicolae_orc_lava_room
Orc:3:    basic_altar, serial_shops, shop, nicolae_orc_pool_cavern
Orc:4:    st_orc_ogre_mass
Vaults:1: vaults_mumra_hex, hangedman_vaults_cutoff,
          ontoclasm_vaults_ring_large, vaults_room_stairs_pillars,
          ontoclasm_vaults_spin, vaults_dpeg_diagonal, vaults_room_door_ring,
          v_misc_14, serial_ice_m, v_misc_8, vaults_mumra_hexcomb,
          nicolae_vaults_border_crossing
IceCv:    ice_cave_statue_garden_02

Action                   |  1- 3 |  4- 6 |  7- 9 | 10-12 | 13-15 | 16-18 || total
-------------------------+-------+-------+-------+-------+-------+-------++-------
Melee: Short sword       |    52 |       |    76 |   204 |    77 |       ||   409
       Dagger            |    23 |   140 |   319 |   914 |   497 |       ||  1893
       Quick blade       |       |       |       |       |  1298 |  1451 ||  2749
       Unarmed           |       |       |       |       |    14 |       ||    14
       Rapier            |       |       |       |       |   268 |   227 ||   495
 Cast: Repel Missiles    |       |       |       |     2 |       |     1 ||     3
Invok: Depart the Abyss  |     1 |       |       |       |       |       ||     1
       Banish            |       |       |     1 |     4 |     6 |     5 ||    16
       Corrupt           |       |       |       |       |     3 |       ||     3
       Bend Space        |       |       |       |       |       |     3 ||     3
 Abil: Evoke Flight      |       |       |       |       |       |     1 ||     1
Evoke: Wand              |       |       |     2 |    20 |    11 |     6 ||    39
  Use: Scroll            |     4 |     4 |     8 |    15 |    13 |     8 ||    52
       Potion            |     4 |     4 |     5 |     6 |     5 |     8 ||    32
 Stab: Sleeping          |     5 |    21 |    25 |    86 |   191 |    67 ||   395
       Invisible         |     2 |       |       |     1 |     2 |     3 ||     8
       Distracted        |       |       |     1 |     7 |    19 |    10 ||    37
       Paralysed         |       |       |     1 |     1 |     3 |       ||     5
       Fleeing           |       |       |       |       |     2 |       ||     2
  Eat: Beef jerky        |     1 |       |       |     2 |     4 |     2 ||     9
       Chunk             |       |     7 |     6 |    26 |    42 |    18 ||    99
       Meat ration       |       |       |     2 |     2 |     5 |     3 ||    12
       Pizza             |       |       |       |     2 |     1 |       ||     3
       Fruit             |       |       |       |       |       |     2 ||     2
       Bread ration      |       |       |       |       |       |     1 ||     1
       Royal jelly       |       |       |       |       |       |     1 ||     1
